[Event "*** MasterClass Titled Tuesday Blitz"]
[Site "Chess.com"]
[Date "2017.12.12"]
[Round "10"]
[White "champ1000"]
[Black "bascheyaro"]
[Result "0-1"]
[WhiteElo "2265"]
[BlackElo "2625"]
[TimeControl "180+2"]
[EndTime "15:18:43 PST"]
[Termination "bascheyaro won by checkmate"]

1. e4 e6 2. d4 d5 3. Nc3 Bb4 4. e5 Ne7 5. a3 Bxc3+ 6. bxc3 b6 7. h4 Ba6 8. Bxa6 Nxa6 9. Nf3 c5 10. Be3 Rc8 11.
O-O O-O 12. Ng5 h6 13. Nh3 cxd4 14. cxd4 Nf5 15. g3 Qc7 16. Qe2 Qc4 17. Qg4 Qxc2 18. Nf4 Qe4 19. Qe2 Nxe3 20. fxe3 Rc2 21. Qxa6 Qxe3+ 22. Kh1 Qe4+ 23. Kg1 Qxd4+ 24. Kh1 Qe4+ 25. Kg1 Qe3+ 26.
Kh1 Qxg3 27. Ne2 Qxh4+ 28. Kg1 f6 29. Rf2 Rc4 30. Rg2 fxe5 31. Qb7 Rg4 32. Rf1 Rxf1+ 33. Kxf1 Qh1+ 34. Rg1 Qf3+ 35. Ke1 Rxg1+ 36. Nxg1 Qc3+ 37. Kf1 e4 38. Qe7 Qf6+ 39. Qxf6 gxf6 40. Nh3 e5 41. Ke2 f5 42. Ke3 Kf7 43. Nf2 Ke6 44. a4 d4+ 45. Ke2 Kd5 46. Nh3 a6 47. Kd2 b5 48. a5 b4 49. Kc2 f4 50. Ng1 f3 51.
Nh3 e3 52. Kd3 b3 53. Ng1 e4# 0-1

[Event "*** MasterClass Titled Tuesday Blitz"]
[Site "Chess.com"]
[Date "2017.12.12"]
[Round "10"]
[White "inegrepus"]
[Black "twitchTriniCupid"]
[Result "0-1"]
[WhiteElo "2058"]
[BlackElo "2230"]
[TimeControl "180+2"]
[EndTime "15:18:56 PST"]
[Termination "twitchTriniCupid won by resignation"]

1. d4 Nf6 2. c4 e6 3. Nc3 Bb4 4. e3 O-O 5. Ne2 d5 6. a3 Bxc3+ 7.
Nxc3 Nc6 8. Bd3 dxc4 9. Bxc4 e5 10. d5 Ne7 11. e4 c6 12. O-O b5 13. Ba2 cxd5 14.
exd5 Bb7 15. Bg5 Ng6 16. b4 a6 17. Re1 Rc8 18. Rc1 h6 19. Bxf6 Qxf6 20. Ne4 Qf4 21. Nc5 Ba8 22. g3 Qg5 23. Ne4 Qd8 24. Qd3 Ne7 25.
d6 Nf5 26. d7 Rxc1 27. Rxc1 Nd4 28. Nc5 Qb6 29. f4 Qc6 30. Qe4 Ne2+ 31. Kf2 Qxe4 32. Nxe4 Nxc1 33. fxe5 Nxa2 34. Nc5 Rd8 35. Ke3 Nc3 36. Kd4 Nd5 37. e6 fxe6 38. Nxe6 Rxd7 39. Ke5 Nf6 0-1

[Event "*** MasterClass Titled Tuesday Blitz"]
[Site "Chess.com"]
[Date "2017.12.12"]
[Round "10"]
[White "saraswathii"]
[Black "calemcc"]
[Result "1-0"]
[WhiteElo "2272"]
[BlackElo "2259"]
[TimeControl "180+2"]
[EndTime "15:19:00 PST"]
[Termination "saraswathii won by checkmate"]

1. d4 d5 2. Bf4 Bf5 3. e3 e6 4. Nf3 Bd6 5. Bg3 Nf6 6. Bd3 Bxd3 7. Qxd3 O-O 8. O-O c5 9. c4 Nc6 10. Nc3 cxd4 11. exd4 dxc4 12. Qxc4 Rc8 13. Rad1 Nb4 14. Qb5 Nbd5 15. Nxd5 Nxd5 16. Ne5 Qe7 17. Rfe1 Rc2 18. Re2 Rfc8 19. Rde1 a6 20. Qd3 Nb4 21. Qf3 Rxe2 22. Qxe2 Rc2 23. Qe4 Qc7 24. a3 Nd5 25. Nxf7 Qxf7 26. Qxc2 Bxg3 27. hxg3 h6 28. Qc8+ Kh7 29.
Qxe6 Qh5 30. g4 Qg5 31. Qf5+ Qxf5 32. gxf5 Nf4 33. Re7 Kg8 34. Rxb7 Ne2+ 35. Kf1 Nxd4 36. g4 Nf3 37. Ke2 Nd4+ 38. Ke3 Nc2+ 39. Ke4 Ne1 40. b4 Nc2 41. a4 Na3 42. b5 axb5 43. axb5 Nc4 44. Kd5 Na5 45. Ra7 Nb3 46. b6 Nc1 47. b7 Nd3 48. b8=Q+ Kh7 49. Qc7 Nf4+ 50.
Ke4 Nh5 51. gxh5 Kh8 52. Qxg7# 1-0

[Event "*** MasterClass Titled Tuesday Blitz"]
[Site "Chess.com"]
[Date "2017.12.12"]
[Round "10"]
[White "chidori_boruto"]
[Black "florianschwabeneder"]
[Result "1-0"]
[WhiteElo "2519"]
[BlackElo "2474"]
[TimeControl "180+2"]
[EndTime "15:19:03 PST"]
[Termination "chidori_boruto won by checkmate"]

1. e4 c5 2. Nf3 d6 3. Bb5+ Nd7 4. O-O Nf6 5. Re1 e6 6. c3 a6 7. Bf1 Be7 8. d4 d5 9. e5 Ne4 10. Nbd2 Nxd2 11. Bxd2 b5 12. a4 Rb8 13. axb5 axb5 14. Bd3 O-O 15. h4 h6 16. h5 b4 17. Qc1 f5 18. exf6 Rxf6 19. cxb4 c4 20. Bb1 Bd6 21. Ne5 Qe8 22. Bg6 Qf8 23. Qc2 Bxe5 24. dxe5 Rxf2 25. Rf1 Rxf1+ 26. Rxf1 Qe7 27. Bf7+ Kh8 28. Bxh6 Nxe5 29. Bf4 Nxf7 30. Bxb8 e5 31. Qg6 Be6 32. h6 Nxh6 33. Bxe5 Ng4 34. Bd4 Kg8 35. Re1 Bf7 36. Qxg7# 1-0

[Event "*** MasterClass Titled Tuesday Blitz"]
[Site "Chess.com"]
[Date "2017.12.12"]
[Round "10"]
[White "FearNoEvil12"]
[Black "Vamostodorecto"]
[Result "1-0"]
[WhiteElo "2062"]
[BlackElo "2300"]
[TimeControl "180+2"]
[EndTime "15:19:03 PST"]
[Termination "FearNoEvil12 won by checkmate"]

1. e4 e5 2. d4 exd4 3. Bc4 Nc6 4. Nf3 Nf6 5. e5 d5 6. Bb5 Ne4 7. Nxd4 Bc5 8. O-O O-O 9. Bxc6 bxc6 10. f3 Ng5 11. f4 Ne6 12. Be3 Ba6 13. Rf3 Bb6 14.
f5 Nxd4 15. Bxd4 c5 16. Bf2 d4 17. f6 Re8 18. Rg3 g6 19. Qh5 Re6 20. Nd2 Bb7 21.
Nf3 Bxf3 22. gxf3 c4 23. Rd1 d3 24. cxd3 cxd3 25. f4 Bxf2+ 26. Kxf2 Qd4+ 27. Kf3 Qd5+ 28. Ke3 Rae8 29. Rg5 Qc5+ 30. Kf3 Qd5+ 31. Kg3 Qd4 32.
Rf1 d2 33. Qh6 Qe3+ 34. Kg2 Qe2+ 35. Rf2 Qe4+ 36. Kg3 Qd3+ 37. Kh4 Rxf6 38. exf6 d1=Q 39. Qg7# 1-0

[Event "*** MasterClass Titled Tuesday Blitz"]
[Site "Chess.com"]
[Date "2017.12.12"]
[Round "10"]
[White "AndrewDGreen"]
[Black "sandager"]
[Result "1-0"]
[WhiteElo "2084"]
[BlackElo "1955"]
[TimeControl "180+2"]
[EndTime "15:19:03 PST"]
[Termination "AndrewDGreen won on time"]

1. d4 Nf6 2. Nf3 g6 3. Nc3 d5 4. Bf4 Bg7 5. e3 O-O 6. Be2 c5 7. O-O Nc6 8. dxc5 Qa5 9. Nxd5 Qxc5 10. Nxf6+ Bxf6 11. c3 Rd8 12. Qc2 Bf5 13. e4 Bg4 14. Qb3 Ne5 15. Nxe5 Bxe2 16. Qxf7+ Kh8 17. Rfe1 Bb5 18.
Qe6 Kg7 19. Ng4 Bd7 20. Qb3 Bxg4 21. e5 Bh4 22. g3 Rd3 23. gxh4 Rf3 24. Bg3 Qc6 25.
Qb4 Raf8 26. Qxg4 h5 27. Qd4 Qe6 28. Rad1 Kh7 29. Qd7 Qf7 30. Qd4 Qf5 31. Qe4 Qh3 32. Re3 R3f5 33. Qg2 Qg4 34. Rd4 1-0

[Event "*** MasterClass Titled Tuesday Blitz"]
[Site "Chess.com"]
[Date "2017.12.12"]
[Round "10"]
[White "windking123"]
[Black "Sam_ChessMood"]
[Result "0-1"]
[WhiteElo "2372"]
[BlackElo "2596"]
[TimeControl "180+2"]
[EndTime "15:19:14 PST"]
[Termination "Sam_ChessMood won by resignation"]

1. e4 c6 2. d4 d5 3. Nc3 dxe4 4. Nxe4 Nf6 5. Nxf6+ exf6 6. Nf3 Bd6 7. h3 O-O 8. Be2 Re8 9. O-O Nd7 10. Bd3 Nf8 11.
c3 Ng6 12. Qc2 Be6 13. Bd2 Qd7 14. h4 Bg4 15. Bxg6 hxg6 16. Nh2 Bf5 17. Qb3 Qc7 18. Nf3 Bg4 19. Rfe1 Bxf3 20. gxf3 Qd7 21. Kg2 b5 22. Qc2 Bc7 23. Rxe8+ Rxe8 24. Re1 Rxe1 25. Bxe1 f5 26. Qe2 Kf8 27. Bd2 Qd6 28. f4 Qd5+ 29. Qf3 Qxf3+ 30. Kxf3 Ke7 31. b3 Ke6 32. c4 bxc4 33. bxc4 Bd8 34.
Kg3 Bf6 35. Be3 a6 36. a4 Kd7 37. a5 Kd6 38. f3 c5 39. dxc5+ Kc6 40. Kf2 Bc3 41. Ke2 Bxa5 42. Bd4 Bd8 43. Bxg7 Bxh4 44. Kd3 Bf2 45. Kc3 Bxc5 46. Kb3 Bd6 47. Bh6 Kc5 48. Bg5 Kd4 49. Bh6 a5 50. Bg5 a4+ 51. Kxa4 Kxc4 52. Ka5 Kd4 53. Kb6 Ke3 54. Kc6 Bxf4 55. Bh4 Kxf3 56.
Kd5 g5 57. Be1 g4 58. Bb4 g3 0-1

[Event "*** MasterClass Titled Tuesday Blitz"]
[Site "Chess.com"]
[Date "2017.12.12"]
[Round "10"]
[White "PulpanJ"]
[Black "HarutyunianTigranK"]
[Result "0-1"]
[WhiteElo "2482"]
[BlackElo "2631"]
[TimeControl "180+2"]
[EndTime "15:19:21 PST"]
[Termination "HarutyunianTigranK won by resignation"]

1. d4 Nf6 2. Nf3 d5 3. c4 e6 4.
g3 Bb4+ 5. Bd2 Be7 6. Bg2 O-O 7. O-O c6 8. Qc2 Nbd7 9. b3 b6 10. Ne5 Nxe5 11. dxe5 Nd7 12. Bc3 Ba6 13. Rd1 Qc7 14.
cxd5 cxd5 15. Qb2 Rac8 16. e4 dxe4 17. Bxe4 Nc5 18. Bc2 Bb7 19. Nd2 Qc6 20. f3 Rfd8 21.
Be4 Nxe4 22. Nxe4 Rd5 23. Rac1 h6 24. Re1 Rd3 25. Bb4 Bc5+ 26. Bxc5 bxc5 27. Qf2 Qd5 28. Re3 Rxe3 29. Qxe3 Qxe5 30. Rxc5 Qa1+ 31. Kg2 Qxa2+ 32. Qf2 Qxf2+ 33. Kxf2 Rxc5 34. Nxc5 Bd5 35. Ke3 Kf8 36. f4 Ke7 37. Kd4 Kd6 38. b4 Kc6 39. Nd3 f6 40. Kc3 Kb5 41. Nc1 Bc4 42. h4 e5 43. fxe5 fxe5 44. g4 e4 45. Kd4 Kxb4 46. Kxe4 a5 47. Kf5 Kc3 48. Kg6 Kc2 49. Kxg7 Kxc1 50. h5 a4 51. g5 hxg5 52. h6 Bd3 0-1

[Event "*** MasterClass Titled Tuesday Blitz"]
[Site "Chess.com"]
[Date "2017.12.12"]
[Round "10"]
[White "wonderfultime"]
[Black "chito89"]
[Result "0-1"]
[WhiteElo "2695"]
[BlackElo "2608"]
[TimeControl "180+2"]
[EndTime "15:19:28 PST"]
[Termination "chito89 won by resignation"]

1. d4 Nf6 2. Bf4 g6 3. Nf3 Bg7 4. h3 d6 5. e3 O-O 6. Be2 Nfd7 7.
O-O e5 8. Bh2 Nc6 9. Nc3 Kh8 10.
a4 f5 11. dxe5 dxe5 12. Re1 a6 13. Bf1 e4 14. Nd4 Nxd4 15. exd4 Nf6 16. Qd2 Be6 17. Rad1 Qd7 18. b3 Rad8 19. Ne2 Bf7 20. c4 c6 21. Bf4 Nh5 22. Bg5 Rde8 23. Nf4 Nf6 24. Ne2 Ng8 25. Bf4 h6 26. h4 Kh7 27. g3 Nf6 28. Nc3 Nh5 29. Be3 Rd8 30. d5 cxd5 31.
Nxd5 b5 32. axb5 axb5 33. Be2 bxc4 34. bxc4 Bxd5 35. cxd5 f4 36. gxf4 Qh3 37. Qb4 Rde8 38. Qd6 Qxh4 39. Rb1 Nxf4 40. Bf1 Be5 41. Rb7+ Kg8 42.
Bxf4 Bxd6 43. Bxd6 Qxf2+ 0-1

[Event "*** MasterClass Titled Tuesday Blitz"]
[Site "Chess.com"]
[Date "2017.12.12"]
[Round "10"]
[White "ChainsOfFantasia"]
[Black "ChristopherYoo"]
[Result "0-1"]
[WhiteElo "2443"]
[BlackElo "2276"]
[TimeControl "180+2"]
[EndTime "15:19:33 PST"]
[Termination "ChristopherYoo won by resignation"]

1. d4 Nf6 2. c4 g6 3. Nc3 d5 4. Nf3 Bg7 5. Bf4 O-O 6. Rc1 dxc4 7. e3 a6 8. Bxc4 b5 9. Bb3 Bb7 10. O-O Nbd7 11. Ne5 Rc8 12. a4 b4 13. Bxf7+ Kh8 14. Nxg6+ hxg6 15. Bxg6 bxc3 16. Qb3 Be4 17. Bxe4 Nxe4 18.
Qe6 Ndf6 19. bxc3 Qd7 20. Qxa6 Ra8 21. Qb7 Rfb8 22. Qxc7 Qxc7 23. Bxc7 Rb7 24. Be5 Rxa4 25. f3 Nd2 26. Rf2 Nc4 27. Bxf6 Bxf6 28. Re2 e5 29. dxe5 Bxe5 30. f4 Bd6 31. g3 Bc5 32. Kf2 Re7 33. Kf3 Rxe3+ 34. Rxe3 Nxe3 35. g4 Ra2 36. h4 Rh2 37. h5 Rh3+ 38. Ke4 Nxg4 39. Rb1 Rxh5 40. Rb5 Nf6+ 41. Kf3 Rh3+ 42. Kg2 Rxc3 43. Rb7 Nd5 44. f5 Ne3+ 45. Kf3 Nxf5+ 46. Ke4 Nd6+ 47. Kd5 Nxb7 48. Kc6 Nd6 0-1

[Event "*** MasterClass Titled Tuesday Blitz"]
[Site "Chess.com"]
[Date "2017.12.12"]
[Round "10"]
[White "pedromartinez91"]
[Black "benhal"]
[Result "0-1"]
[WhiteElo "2217"]
[BlackElo "2302"]
[TimeControl "180+2"]
[EndTime "15:19:40 PST"]
[Termination "benhal won by resignation"]

1. Nf3 d5 2. g3 Nf6 3. Bg2 Bg4 4. O-O Nbd7 5. d3 e5 6. Nbd2 Be7 7. Qe1 O-O 8. h3 Bh5 9. e4 dxe4 10. dxe4 c6 11. Nh4 Re8 12. b3 Qc7 13. Bb2 a5 14. a4 Rad8 15. Nc4 Bf8 16. Bc3 b6 17. Nf5 Nc5 18. Qe3 Bg6 19. Rad1 Bxf5 20. exf5 Nd5 21. Qe1 Nxc3 22. Qxc3 e4 23. f6 g6 24. Ne3 Bd6 25. Ng4 h5 26. Nh6+ Kh7 27. Qe3 Be5 28. Rxd8 Rxd8 29. Nf5 Bxf6 30. Qh6+ Kg8 31. g4 hxg4 32.
hxg4 Be5 33. Qg5 Ne6 34. Nh6+ Kh7 35. Qh4 Kg7 36. g5 Bf4 37. Ng4 Rh8 38. Nh6 Bxg5 39. Qxe4 Rxh6 40. f4 Bxf4 41. Rf2 Qd6 42. Bf3 Qd4 43.
Qxd4+ Nxd4 44. Kg2 Rh2+ 0-1

[Event "*** MasterClass Titled Tuesday Blitz"]
[Site "Chess.com"]
[Date "2017.12.12"]
[Round "10"]
[White "FMJoseHerrera"]
[Black "dolynachess"]
[Result "0-1"]
[WhiteElo "2412"]
[BlackElo "2305"]
[TimeControl "180+2"]
[EndTime "15:19:40 PST"]
[Termination "dolynachess won by resignation"]

1. d4 Nf6 2. Nf3 e6 3. Nc3 Bb4 4. Bg5 b6 5. e3 Bb7 6. Bd3 h6 7.
Bh4 g5 8. Bg3 Ne4 9. O-O Bxc3 10. bxc3 Nxc3 11. Qe1 Ne4 12. Ne5 d6 13. Nc4 Nd7 14.
a4 a5 15. Rb1 Qe7 16. Nd2 Nc3 17. Rb3 Nd5 18. c4 Nb4 19. Bb1 h5 20. f3 f5 21. h4 g4 22. e4 gxf3 23. Nxf3 fxe4 24. Ng5 Nf6 25. Nxe4 Nxe4 26. Bxe4 O-O-O 27. Bxb7+ Kxb7 28. Qe4+ d5 29. cxd5 Rxd5 30. Rbf3 Rh7 31. Rf8 Qd7 32. Rg8 Nc6 33. Rff8 Rf7 34. Ra8 Rg7 35. Rxg7 Qxg7 36. Qxe6 Qxd4+ 37. Bf2 Qd1+ 38. Kh2 Kxa8 39. Qxc6+ Kb8 40.
Qe8+ Kb7 41. Qe4 Qd3 42. Qg6 Qxg6 0-1

[Event "*** MasterClass Titled Tuesday Blitz"]
[Site "Chess.com"]
[Date "2017.12.12"]
[Round "10"]
[White "Jbd735"]
[Black "JSMastropiero"]
[Result "1-0"]
[WhiteElo "2282"]
[BlackElo "2324"]
[TimeControl "180+2"]
[EndTime "15:19:47 PST"]
[Termination "Jbd735 won by resignation"]

1. e4 e5 2. Nf3 Nc6 3. Bb5 a6 4. Bxc6 dxc6 5. O-O Be7 6. Nc3 Bf6 7. d3 Ne7 8. Ne2 c5 9. Bg5 Nc6 10. Bxf6 Qxf6 11.
Nd2 Be6 12. b3 O-O-O 13. Qc1 h5 14. Qa3 h4 15. Qxc5 h3 16. g3 Qh6 17. Qe3 g5 18. c3 f6 19. d4 exd4 20. cxd4 Rhe8 21. f3 f5 22. Rac1 f4 23. Qf2 fxg3 24. Qxg3 Bd7 25. d5 Ne5 26. Nc4 Nxc4 27. Rxc4 Qb6+ 28.
Kh1 Bb5 29. Rxc7+ Qxc7 30. Rc1 Qxc1+ 31. Nxc1 g4 32. a4 Bd7 33. e5 gxf3 34. Nd3 Bf5 35. Qxf3 Bxd3 36. Qxd3 Rxe5 37. Qc3+ Kd7 38. Qxe5 Re8 39.
Qf5+ Kd6 40. Qxh3 Re5 41. Qg3 Kxd5 42. Qxe5+ Kxe5 43. Kg2 Kf4 44. Kf2 b5 45. a5 Kg4 46.
Ke3 Kh3 47. Kd4 Kxh2 48. Kc5 Kg3 49. Kb6 Kf4 50. Kxa6 b4 51. Kb5 1-0

[Event "*** MasterClass Titled Tuesday Blitz"]
[Site "Chess.com"]
[Date "2017.12.12"]
[Round "10"]
[White "Winehouse83"]
[Black "SharkAnto55"]
[Result "1/2-1/2"]
[WhiteElo "2417"]
[BlackElo "2374"]
[TimeControl "180+2"]
[EndTime "15:19:51 PST"]
[Termination "Game drawn by agreement"]

1. d4 d5 2. Bf4 Nf6 3. e3 e6 4. Bd3 Bd6 5. Bg3 c5 6. c3 Nc6 7. Nf3 O-O 8. O-O b6 9. Ne5 Bb7 10. Nd2 Ne7 11. a4 a6 12. Qb1 Ng6 13. b4 c4 14. Be2 Qc7 15. Nxg6 hxg6 16. Bxd6 Qxd6 17. f4 b5 18. axb5 axb5 19. Qb2 Rxa1 20. Rxa1 Re8 21. Ra5 Qb6 22. h3 Ra8 23. Rxa8+ Bxa8 24. Qa3 Bb7 25.
Bf3 Qa6 26. Nb1 Nd7 27. g4 f5 28. g5 Nb6 29. Bd1 Kf7 30. Kf2 Qxa3 31. Nxa3 Bc6 32.
h4 Nc8 33. h5 gxh5 34. Bxh5+ g6 35. Bf3 Nd6 36. Nb1 Nc8 37. Nd2 Nb6 38. Bd1 Nd7 39. Nf3 Bb7 40. Ke1 Bc6 41. Kd2 Ke7 42.
Kc1 Kf7 43. Kb2 Ke7 44. Nh4 Kf7 45. Ng2 Nb6 46. Ne1 Nd7 47. Be2 Nb6 48. Bd1 Nd7 49.
Nc2 Nb6 50. Na3 Nd7 51. Kc1 Nb6 52. Kd2 Nd7 53. Ke1 Nb6 54. Kf2 Nc8 55. Kg3 Nd6 56. Bf3 Nc8 57. Kh4 Nd6 58. Nb1 Nc8 59. Nd2 Nb6 60.
Bd1 Nd7 61. Nb1 Nb6 1/2-1/2

[Event "*** MasterClass Titled Tuesday Blitz"]
[Site "Chess.com"]
[Date "2017.12.12"]
[Round "10"]
[White "ShimanovAlex"]
[Black "Kaphrep"]
[Result "0-1"]
[WhiteElo "2660"]
[BlackElo "2650"]
[TimeControl "180+2"]
[EndTime "15:19:56 PST"]
[Termination "Kaphrep won by resignation"]

1. d4 d5 2. c4 e6 3. Nc3 Nf6 4. Nf3 Nbd7 5. Bg5 Be7 6. e3 h6 7. Bh4 O-O 8. Qb3 c5 9. Rd1 cxd4 10. exd4 dxc4 11. Bxc4 Nb6 12. Bd3 Nbd5 13. Bb1 Qb6 14. Qc2 Nb4 15. Qd2 Bd7 16. O-O Rfd8 17. a3 Nbd5 18.
Qd3 Bc6 19. Bxf6 Nxf6 20. Ne5 Rac8 21. Rd2 Bd6 22. Qe2 Be8 23. Rfd1 Bb8 24. Ng4 Nd5 25.
Nxd5 Rxd5 26. Qd3 f5 27. Ne3 Rdd8 28. d5 Bf7 29. Qe2 g6 30. Nc4 Qc7 31. Qe3 Rxd5 32. b3 Qxh2+ 33. Kf1 Bf4 34. Qf3 Bxd2 35. Rxd2 Rxd2 36.
Nxd2 Qd6 37. Nc4 Qd5 38. Qe2 b5 39. Bd3 bxc4 40. Bxc4 Qd4 41. g3 e5 42. Bxf7+ Kxf7 43. Qa6 Qd1+ 44. Kg2 Qd5+ 45. Kh2 Rc1 46. Qxa7+ Kf6 47.
Qb6+ Qc6 48. Qd8+ Kf7 49. f3 Qc2+ 0-1

[Event "*** MasterClass Titled Tuesday Blitz"]
[Site "Chess.com"]
[Date "2017.12.12"]
[Round "10"]
[White "marreta84"]
[Black "TST2014"]
[Result "1-0"]
[WhiteElo "2336"]
[BlackElo "2257"]
[TimeControl "180+2"]
[EndTime "15:19:59 PST"]
[Termination "marreta84 won on time"]

1. d4 Nf6 2. Nf3 g6 3. Bf4 Bg7 4. Nc3 O-O 5. Qd2 d6 6. Bh6 Nc6 7. Bxg7 Kxg7 8. e4 d5 9. exd5 Nxd5 10. h3 Bf5 11. Bc4 Ncb4 12. Bb3 c6 13. a3 Nxc3 14.
Qxc3 Nd5 15. Qd2 Qd6 16. O-O Rad8 17. Rfe1 Nf4 18. Re5 Ne6 19. Rd1 c5 20. dxc5 Nxc5 21.
Rd5 Nxb3 22. Qc3+ Qf6 23. Qxf6+ Kxf6 24. Rxd8 Rxd8 25. Rxd8 Bxc2 26. Rd7 Be4 27. Nd2 Bc6 28. Rd3 Nc5 29. Rc3 Na4 30. Rc2 e5 31. b4 a6 32.
Nc4 Ke6 33. Na5 Bd5 34. Rc7 b6 35. Nc4 h5 36. Ne3 f5 37. Nxd5 Kxd5 38. Rg7 Kc4 39.
Rxg6 Kb3 40. Rg5 Kxa3 41. Rxh5 Kxb4 42. Rxf5 Nc5 43. h4 a5 44. h5 Nb3 45. h6 Nd4 46.
Rxe5 a4 47. h7 a3 48. h8=Q a2 49. Re1 Nc2 50. Qb2+ 1-0

[Event "*** MasterClass Titled Tuesday Blitz"]
[Site "Chess.com"]
[Date "2017.12.12"]
[Round "10"]
[White "MartinZumsande"]
[Black "marianokar"]
[Result "1-0"]
[WhiteElo "2470"]
[BlackElo "2312"]
[TimeControl "180+2"]
[EndTime "15:20:22 PST"]
[Termination "MartinZumsande won by resignation"]

1. e4 c5 2. Nf3 e6 3. c3 Nf6 4.
e5 Nd5 5. d4 cxd4 6. cxd4 b6 7.
Nc3 Nxc3 8. bxc3 Qc7 9. Bd2 d6 10. Bd3 Bb7 11. O-O Nd7 12. Ng5 dxe5 13. Qh5 g6 14.
Qh3 Be7 15. Rae1 h6 16. f4 Bxg5 17. fxg5 O-O-O 18. Rxf7 hxg5 19. Qg3 exd4 20. Qxc7+ Kxc7 21. cxd4 Bd5 22. Bxg5 Kb8 23. Bxd8 Rxd8 24. a3 g5 25. Rg7 Kc7 26. Rxg5 Kd6 27. h4 Rc8 28. Bb5 Nf6 29.
Rg7 a6 30. Rf1 Ra8 31. Rxf6 axb5 32. h5 Rxa3 33. h6 Be4 34. h7 Ra8 35. Rf4 Bd3 36. Rf3 Bc2 37. Rc3 Be4 38. Rb3 Rh8 39. Rxb5 Rxh7 40.
Rxh7 Bxh7 41. Rxb6+ Kd5 42. Rb4 Bd3 43. Kf2 Bc4 44.
Ke3 Ba2 45. Rb5+ Kd6 46. Kf4 Bc4 47. Rc5 Bd3 48. g4 Bb1 49. Ra5 Bc2 50. Kg5 Ke7 51. Kh6 Kf6 52. g5+ Kf7 53. Ra7+ Kf8 54. g6 Bf5 55. g7+ 1-0

[Event "*** MasterClass Titled Tuesday Blitz"]
[Site "Chess.com"]
[Date "2017.12.12"]
[Round "10"]
[White "sandromareco"]
[Black "1stSecond"]
[Result "1-0"]
[WhiteElo "2641"]
[BlackElo "2487"]
[TimeControl "180+2"]
[EndTime "15:20:29 PST"]
[Termination "sandromareco won on time"]

1. Nf3 Nf6 2. g3 d5 3. Bg2 c6 4. O-O Bg4 5. d3 e6 6. Qe1 Nbd7 7. e4 Bc5 8. Nbd2 O-O 9. h3 Bxf3 10. Nxf3 a5 11. e5 Ne8 12. Kh2 a4 13. a3 Bb6 14.
Nh4 c5 15. c4 Nc7 16. f4 Ba5 17.
Qe2 Nb6 18. f5 dxc4 19. dxc4 Qd4 20. Rf4 Qd7 21. f6 g6 22. Be3 Rfd8 23. Bxc5 Qd2 24. Qf1 Ne8 25. Rf2 Qd3 26. Bxb7 Rab8 27. Qxd3 Rxd3 28.
Be4 Rb3 29. Rc1 Nd7 30. Bd4 Nc7 31. Bc2 Rxb2 32. Bxb2 Rxb2 33. Nf3 Na6 34. Kg2 Nac5 35. Rd1 Kf8 36. Bxa4 Rb7 37. Bb5 h6 38. Rd6 g5 39.
Rf1 Kg8 40. Rfd1 Nf8 41. Nh2 Ng6 42. Ng4 h5 43. Rc6 Bb6 44. Rdd6 Ba7 45. Rd8+ Kh7 46. Rcc8 hxg4 47. hxg4 Nxe5 48. Rg8 Ng6 49. a4 Ne4 50. a5 Nxf6 51. Rgd8 Ne7 52. Ra8 Rc7 53. a6 Kg7 54. Kf3 Bc5 55. Rab8 e5 56. Rb7 e4+ 57. Ke2 Rc8 58.
Rxc8 Nxc8 59. Rc7 1-0

[Event "*** MasterClass Titled Tuesday Blitz"]
[Site "Chess.com"]
[Date "2017.12.12"]
[Round "10"]
[White "daro94"]
[Black "jcibarra"]
[Result "0-1"]
[WhiteElo "2664"]
[BlackElo "2723"]
[TimeControl "180+2"]
[EndTime "15:20:33 PST"]
[Termination "jcibarra won by resignation"]

1. d4 Nf6 2. Nf3 g6 3. c4 d6 4. Nc3 Bf5 5. g3 Ne4 6. Nd5 c6 7. Ne3 Qa5+ 8. Nd2 Bg7 9. Nxf5 Qxf5 10. Nf3 Qa5+ 11. Bd2 Nxd2 12. Qxd2 Qxd2+ 13. Kxd2 c5 14. dxc5 dxc5 15. Bg2 Nc6 16. e3 Bxb2 17. Rab1 Bf6 18. Ke2 O-O-O 19. Nd2 Kc7 20. Ne4 b6 21. Rb5 Nb4 22.
a3 a6 23. Rxb4 cxb4 24. axb4 a5 25. Rb1 Rb8 26. Rb3 Be5 27. f4 Bd6 28. Nc3 Bxb4 29. Nd5+ Kd6 30. Nxb4 axb4 31. Rxb4 Rhc8 32. Kd3 Rc5 33. Bd5 e6 34. Bf3 Kc7 35. Kd4 Rd8+ 36. Kc3 Ra5 37. Rb3 Ra2 38. h4 Rdd2 39. Be4 Re2 40.
Kd4 f6 41. g4 Rad2+ 42. Bd3 Rb2 43. Ra3 Ra2 44. Rb3 Reb2 45. Rc3 Kd6 46. g5 e5+ 47. fxe5+ fxe5+ 48. Ke4 Rh2 49. Bf1 Rxh4+ 50. Kf3 Rh1 51.
Rd3+ Kc7 52. Rb3 Rxf1+ 53. Ke4 Rf5 54. c5 bxc5 55. Rb5 Kc6 56. Rb8 Ra4+ 57. Kd3 e4+ 58. Kc3 Rxg5 59. Rc8+ Kd7 60. Rh8 Ra3+ 61. Kd2 Rd3+ 62.
Ke2 Rg2+ 63. Kf1 Rh2 64. Ke1 Rxe3+ 65. Kd1 Ra3 0-1

[Event "*** MasterClass Titled Tuesday Blitz"]
[Site "Chess.com"]
[Date "2017.12.12"]
[Round "10"]
[White "Taron_Shagbazyan"]
[Black "DrVelja"]
[Result "0-1"]
[WhiteElo "2530"]
[BlackElo "2569"]
[TimeControl "180+2"]
[EndTime "15:20:37 PST"]
[Termination "DrVelja won by resignation"]

1. d4 Nf6 2. c4 g6 3. Nc3 Bg7 4.
g3 d6 5. Bg2 O-O 6. e3 e5 7.
Nge2 Nbd7 8. O-O Qe7 9. b3 h5 10. Ba3 h4 11. Nb5 Qd8 12. c5 a6 13. Nbc3 dxc5 14. dxc5 Qe7 15. Qc1 c6 16. Na4 Qe6 17. Rd1 h3 18. Bh1 e4 19. Qc2 Qg4 20. Nd4 Ne5 21. Nc3 Qh5 22. Nxe4 Bg4 23. f4 Nf3+ 24.
Nxf3 Bxf3 25. Bxf3 Qxf3 26. Ng5 Qxe3+ 27. Qf2 Qxf2+ 28.
Kxf2 Ng4+ 29. Kg1 Bxa1 30. Rxa1 Rad8 31. Nxh3 Rfe8 32. Bb4 Re2 33. Ng5 f6 34. Nf3 Ne3 35. Re1 Rxe1+ 36. Bxe1 Rd1 37. Kf2 Nd5 38. Ke2 Ra1 39.
a4 Rb1 40. b4 Nxb4 41. Nd4 Kf7 42. h4 Nd5 43. Bd2 Rb2 44. a5 Nc3+ 45. Kd3 Na4 46.
Bc1 Nxc5+ 47. Kc4 Rb1 48. Be3 Ne4 49. g4 Rh1 50. Kd3 Nc5+ 51. Kc4 Ne6 52. h5 Nxd4 53. hxg6+ Kxg6 54. Bxd4 Rh4 55. f5+ Kf7 56. Kc5 Rxg4 57. Be3 Re4 58. Bd4 Rxd4 59. Kxd4 Ke7 60. Kc5 Kd7 61.
Kb6 Kc8 62. Ka7 Kc7 0-1

[Event "*** MasterClass Titled Tuesday Blitz"]
[Site "Chess.com"]
[Date "2017.12.12"]
[Round "10"]
[White "tteshan"]
[Black "nicegg"]
[Result "0-1"]
[WhiteElo "2014"]
[BlackElo "1990"]
[TimeControl "180+2"]
[EndTime "15:20:37 PST"]
[Termination "nicegg won by checkmate"]

1. e4 e5 2. Nf3 Nc6 3. Bb5 Nd4 4. Nxd4 exd4 5. O-O Qh4 6. Qf3 Nh6 7. Qg3 Qxg3 8.
hxg3 Bc5 9. d3 Ng4 10. Bf4 c6 11. Bc4 a5 12. a4 d6 13. Nd2 f6 14. Nb3 Ne5 15. Nxc5 dxc5 16. Ba2 Ke7 17. Bd2 Be6 18.
Bxe6 Kxe6 19. f4 Ng4 20. f5+ Kd7 21. Bf4 Ra6 22. Rfe1 Ne5 23. Kf1 Rb6 24. b3 Ra6 25.
Ke2 b5 26. Kd2 c4 27. Bxe5 fxe5 28. bxc4 bxc4 29. dxc4 Rb6 30. Rab1 Rhb8 31. Rxb6 Rxb6 32. Ra1 Rb4 33. Kd3 Kd6 34. g4 h6 35. Ra2 Kc5 36. c3 dxc3 37. Kxc3 Rxc4+ 38. Kd3 Rd4+ 39. Ke3 Kb4 40. Rc2 c5 41. Rf2 c4 42. f6 gxf6 43. Rxf6 Kxa4 44. Rxh6 c3 45. Rc6 Kb3 46. g5 c2 47. g6 Rd7 48. Rb6+ Kc3 49. Rc6+ Kb2 50.
Rb6+ Kc1 51. Rc6 Kd1 52. g7 Rxg7 53. Rd6+ Kc1 54. Rd8 Rg3+ 55. Kf2 Rc3 56. g4 Kb2 57. Rd2 Kb3 58. Rxc2 Rxc2+ 59. Ke3 Rc6 60. Kd3 a4 61. g5 a3 62. g6 Rxg6 63. Ke3 Rd6 64. Kf3 a2 65. Kg4 a1=Q 66. Kf5 Qd4 67. Kg5 Qxe4 68. Kh5 Qg2 69. Kh4 Rh6# 0-1

[Event "*** MasterClass Titled Tuesday Blitz"]
[Site "Chess.com"]
[Date "2017.12.12"]
[Round "10"]
[White "arna"]
[Black "Quiet_Desperation"]
[Result "0-1"]
[WhiteElo "2126"]
[BlackElo "2364"]
[TimeControl "180+2"]
[EndTime "15:20:40 PST"]
[Termination "Quiet_Desperation won by resignation"]

1. Nf3 d5 2. c4 Nf6 3. cxd5 Nxd5 4. d4 g6 5. e4 Nb6 6. Nbd2 Bg7 7. Nb3 O-O 8. h3 a5 9. Be3 a4 10. Nc5 N8d7 11.
Rc1 Nxc5 12. Rxc5 a3 13. b3 Nd7 14. Rc1 c6 15. e5 Nb6 16. Qd2 Nd5 17. Bh6 Bf5 18.
Bxg7 Kxg7 19. Bd3 Bxd3 20. Qxd3 Nf4 21. Qe4 Qa5+ 22. Nd2 Nd5 23. Rc5 Qb4 24. Rc4 Qa5 25. Rc5 Qa6 26. Qe2 Nb4 27. Qxa6 Rxa6 28. Ke2 Nxa2 29.
Ra1 Nb4 30. Rc4 Nd5 31. Ra2 Rfa8 32. Nb1 b5 33. Rc1 Nb4 34. Ra1 Kf8 35. g3 Ke8 36. Kd2 Kd7 37. Kc3 Nd5+ 38. Kd2 b4 39. Kd3 f6 40. f4 fxe5 41. dxe5 Ke6 42. Ra2 Rd8 43.
Ke2 Rda8 44. Kd3 Kd7 45. Ke2 e6 46. Rc4 Kc7 47. Kd3 Kb6 48. h4 Rd8 49. Ke2 Kb5 50.
Rcc2 c5 51. Rc4 Nb6 52. Rcc2 c4 53. Nd2 Rxd2+ 54. Rxd2 cxb3 55. Ra1 b2 56. Rxb2 axb2 57. Rb1 Nc4 58. g4 Ra1 59. Rxb2 Nxb2 60. f5 exf5 61.
gxf5 gxf5 0-1